 Dungeon Crawl Stone Soup version 0.27-a0-323-gbd089401bb (webtiles) character file.

Game seed: 14549954380743570388

326 lunkers the Insei (level 6, 0/38 HPs)
             Began as a Merfolk Transmuter on Feb 10, 2021.
             Was a Believer of Ru.
             Slain by an orc
             ... wielding a +0 mace
              (7 damage)
             ... on level 4 of the Dungeon.
             The game lasted 00:05:48 (4958 turns).

lunkers the Insei (Merfolk Transmuter)              Turns: 4958, Time: 00:05:49

Health: 0/38       AC:  2    Str: 10    XL:     6   Next: 49%
Magic:  5/9        EV: 21    Int: 12    God:    Ru [**....]
Gold:   202        SH:  0    Dex: 22    Spells: 5/9 levels left

rFire    + . .     SeeInvis .     - Unarmed
rCold    . . .     Faith    .   (shield currently unavailable)
rNeg     . . .     Spirit   .   (armour currently unavailable)
rPois    x         Reflect  .   (helmet currently unavailable)
rElec    .         Harm     .   (cloak currently unavailable)
rCorr    .         Rampage  .   (gloves currently unavailable)
Will     .....                  (boots currently unavailable)
Stlth    ++........             (no amulet)
HPRegen  0.12/turn              h - ring of protection from fire
MPRegen  0.11/turn              (no ring)

@: spider-form (expiring)
A: tiny, (change form in water), (swift swim), (stealthy swim), frail 1
a: End Transformation, Renounce Religion


You were on level 4 of the Dungeon.
You worshipped Ru.
Ru was pleased with you.
You were a venomous arachnid creature.
You visited 1 branch of the dungeon, and saw 4 of its levels.

You collected 202 gold pieces.

Inventory:

Hand Weapons
 m - a +1 dagger of venom
Armour
 a - a +0 robe (melded)
 e - a +0 pair of gloves (melded)
 n - a +1 helmet (melded)
Jewellery
 h - a ring of protection from fire (left front leg)
Scrolls
 i - 3 scrolls of teleportation {unknown}
 k - a scroll of fear {unknown}
 o - a scroll of magic mapping {unknown}
 p - a scroll of random uselessness {unknown}
Potions
 b - a potion of flight
 c - 2 potions of lignification
 d - a potion of mutation {unknown}
 g - 2 potions of attraction
 j - 2 potions of resistance
 l - a potion of brilliance {unknown}


   Skills:
 - Level 1.1 Fighting
 - Level 2.6 Dodging
 * Level 6.6 Unarmed Combat
 - Level 2.0 Spellcasting
 + Level 5.4 Transmutations


You had 5 spell levels left.
You knew the following spells:

 Your Spells              Type           Power        Failure   Level
c - Spider Form           Tmut/Pois      3%           47%         3
p - Beastly Appendage     Tmut           28%          11%         1

Your spell library contained the following spells:

 Spells                   Type           Power        Failure   Level
 Wereblood                Tmut           14%          13%         2
 Magic Dart               Conj           4%           47%         1
 Blink                    Tloc           N/A          61%         2
 Call Imp                 Summ           1%           61%         2
 Slow                     Hex            1%           61%         2
 Conjure Flame            Conj/Fire      1%           82%         3
 Mephitic Cloud           Conj/Pois/Air  1%           82%         3
 Blade Hands              Tmut           7%           82%         5
 Ice Form                 Ice/Tmut       7%           83%         4


Dungeon Overview and Level Annotations

Branches:
Dungeon (4/15)
 Temple: D:4-7

Altars:
Fedhas
Qazlal
Ru
Yredelemnul

Shops:
D:4 ?


Innate Abilities, Weirdness & Mutations

((You revert to your normal form in water.))
((You are very nimble and swift while swimming.))
((You are very stealthy in the water. (Stealth+)))
You are frail. (-10% HP)


Message History

No target in view!
No target in view!
No target in view!
No target in view! 3 orcs come into view.
The orc wizard shouts!
The orc wizard points at itself and mumbles some strange words.
The orc wizard flickers and vanishes!
Deactivating autopickup; reactivate with Ctrl-A.
The orc shouts! x2
The orc priest invokes the aid of Beogh against you.
Beogh smites you!
A magic dart appears from out of thin air!
The magic dart hits you.
* * * LOW HITPOINT WARNING * * *
You hit the orc priest.
The orc priest is poisoned.
The orc priest is lightly wounded.
You hit the orc priest but do no damage.
The orc priest looks even sicker.
The orc priest is lightly wounded.
The orc barely misses you.
You bite the orc priest!
The orc priest is almost dead.
You kill the orc priest!
You barely miss something. The orc hits you but does no damage.
You bite something!
Your transformation is almost over.
Something barely misses you.
The orc is stunned by your conviction and fails to attack.
You hit something. You barely miss something. The orc hits you with a +0 mace.
* * * LOW HITPOINT WARNING * * *
Something closely misses you.
You hit something.
You hear some strange, mumbled words.
A magic dart appears from out of thin air!
The magic dart hits you!
* * * LOW HITPOINT WARNING * * *
The orc hits you with a +0 mace!
You die...

##### ...######
......... .........
#........ #o....... ####
#{o...... ###..####
##so...... ........###
##.........
..........####..........
...........##....###....
.....#..........## ...
[.#########.....# .. ..#
#....## # .## #....# .#
##...##


You could see 3 orcs.

Vanquished Creatures
  3 killer bees (D:4)
  An orc priest (D:4)
  A hound skeleton (D:4)
  5 adders
  2 oozes
  3 dart slugs
  4 leopard geckos
  5 orcs (D:3)
  6 giant cockroaches
  7 goblins
  10 hobgoblins
  6 jackals (D:3)
  A quokka (D:2)
  3 ball pythons (D:1)
  9 bats
  6 frilled lizards
  11 kobolds
  A leopard gecko skeleton (D:4)
  6 rats
90 creatures vanquished.

Notes
Turn   | Place    | Note
-------+----------+-------------------------------------------
     0 | D:1      | lunkers the Merfolk Transmuter began the quest for the Orb.
     0 | D:1      | Reached XP level 1. HP: 15/15 MP: 3/3
   277 | D:1      | Reached XP level 2. HP: 17/21 MP: 5/5
   552 | D:1      | Reached skill level 4 in Unarmed Combat
   934 | D:1      | Reached XP level 3. HP: 26/26 MP: 6/6
  1115 | D:1      | Learned a level 3 spell: Spider Form
  1594 | D:2      | Found a sacrificial altar of Ru.
  1603 | D:2      | Became a worshipper of Ru the Awakened
  2299 | D:2      | Reached XP level 4. HP: 17/32 MP: 5/7
  3240 | D:3      | Reached skill level 5 in Unarmed Combat
  3361 | D:3      | Gained mutation: You are frail. (-10% HP) [Ru sacrifice]
  3361 | D:3      | Reached * piety under Ru
  3361 | D:3      | Reached ** piety under Ru
  3435 | D:3      | Found a stormy altar of Qazlal.
  3827 | D:3      | Reached XP level 5. HP: 23/33 MP: 2/8
  4416 | D:4      | Reached skill level 6 in Unarmed Combat
  4416 | D:4      | Reached skill level 5 in Transmutations
  4416 | D:4      | Reached XP level 6. HP: 38/38 MP: 5/9
  4525 | D:4      | Found a basalt altar of Yredelemnul.
  4594 | D:4      | Found Emorew's Magic Scroll Emporium.
  4917 | D:4      | Found a blossoming altar of Fedhas.
  4958 | D:4      | Slain by an orc

Illustrated notes

Levels and vault maps discovered:
D:1:      dpeg_arrival_orchard, layout_loops_ring, patterned_corridor
D:2:      layout_basic, nicolae_ru_awakened_eye
D:3:      layout_basic, grunt_qazlal_sundering
D:4:      layout_layer_cave, old_standard_altar, kennysheep_little_box,
          serial_shops, nicolae_shop_crystal, uniq_ijyb

Skill      XL: |  1  2  3  4  5 |
---------------+----------------+-----
Transmutations | 3 4 5 |  5.4
Unarmed Combat | 4 5 6 |  6.6
Fighting       | |  1.1
Dodging        | |  2.6
Spellcasting   | |  2.0

Action                   |  1- 3 |  4- 6 || total
-------------------------+-------+-------++-------
Melee: Unarmed           |   131 |   161 ||   292
       Headbutt          |     8 |     3 ||    11
       Punch             |     1 |     4 ||     5
 Cast: Beastly Appendage |    25 |     4 ||    29
       Spider Form       |       |    12 ||    12
Invok: Sacrifice Health  |       |     1 ||     1
  Use: Scroll            |       |     4 ||     4
 Stab: Sleeping          |     3 |     1 ||     4
Armor: Robe              |    23 |    22 ||    45
       Skin              |       |     1 ||     1
Dodge: Dodged            |   100 |    96 ||   196

Table legend: (Time is in decaauts)
 A = Elapsed time spent in this place.
 B = Non-inter-level travel time spent in this place.
 C = Inter-level travel time spent in this place.
 D = Time resting spent in this place.
 E = Time spent auto-exploring this place.
 F = Levels seen in this place.
 G = Mean time per level.
                   A        B        C        D        E       F      G
               +--------+--------+--------+--------+--------+-----+--------+
         Total |   4930 |   4782 |    148 |      9 |   4117 |   4 | 1232.5 |
       Dungeon |   4930 |   4782 |    148 |      9 |   4117 |   4 | 1232.5 |
               +--------+--------+--------+--------+--------+-----+--------+

Top non-repeatable levels by time:
     D:1: 1527 daAuts
     D:3: 1423 daAuts
     D:2: 1378 daAuts
     D:4: 601 daAuts
